 Dungeon Crawl Stone Soup version 0.26-a0-670-g578ab304f5 (webtiles) character file.

Game seed: 5700380258220037318

1648 PentaManta the Covert (level 8, -2/36 HPs)
             Began as a Spriggan Enchanter on Oct 19, 2020.
             Was a Believer of Dithmenos.
             Slain by a gnoll
             ... wielding a +0 long sword
              (14 damage)
             ... on level 6 of the Dungeon.
             The game lasted 00:30:29 (7719 turns).

PentaManta the Covert (Spriggan Enchanter)          Turns: 7719, Time: 00:30:30

Health: -2/36      AC:  7    Str:  6    XL:     8   Next: 67%
Magic:  6/18       EV: 23    Int: 17    God:    Dithmenos [**....]
Gold:   208        SH:  0    Dex: 16    Spells: 7/19 levels left

rFire    . . .     SeeInvis +   a - +1 dagger
rCold    . . .     Faith    .   (shield restricted)
rNeg     . . .     Spirit   .   b - +0 robe
rPois    +         Reflect  .   (helmet restricted)
rElec    .         Harm     .   m - +0 cloak {rPois}
rCorr    .         Rampage  .   (gloves unavailable)
MR       +....                  (boots unavailable)
Stlth    ++++++....             i - amulet of regeneration
HPRegen  0.52/turn              j - +4 ring of protection
MPRegen  0.16/turn              (no ring)

@: wreathed by umbra, very quick
A: very small, unfitting armour, see invisible, speed 3
a: Shadow Step, Renounce Religion


You were on level 6 of the Dungeon.
You worshipped Dithmenos.
Dithmenos was pleased with you.
You visited 2 branches of the dungeon, and saw 8 of its levels.

You collected 367 gold pieces.
You spent 159 gold pieces at shops.

Inventory:

Hand Weapons
 a - a +1 dagger (weapon)
 v - a +1 rapier
 y - the +1 hand axe of Caecwece {speed, rElec rN+ MR++, unknown}
   (You found it on level 7 of the Dungeon)

   Attacks with this weapon are significantly faster.
   It insulates you from electricity.
   It protects you from negative energy.
   It affects your resistance to hostile enchantments.
Missiles
 c - 14 poisoned darts (quivered)
 p - 6 curare-tipped darts
 F - a throwing net
Armour
 b - a +0 robe (worn)
 m - a +0 cloak of poison resistance (worn)
Jewellery
 i - an amulet of regeneration (around neck)
 j - a +4 ring of protection (left hand)
 E - an uncursed ring of flight {unknown}
Wands
 o - a wand of flame (41)
 t - a wand of enslavement (7)
 C - a wand of digging (4)
Scrolls
 d - 2 scrolls of fog
 h - 5 scrolls of teleportation
 l - 4 scrolls of remove curse
 n - 2 scrolls of fear
 q - a scroll of amnesia
 B - 2 scrolls of enchant weapon
Potions
 e - 4 potions of heal wounds
 f - a potion of experience {unknown}
 g - a potion of stabbing {unknown}
 k - a potion of degeneration {unknown}
 r - a potion of magic {unknown}
 s - a potion of lignification
 u - a potion of resistance {unknown}
 w - 2 potions of haste
 x - 2 potions of flight
 z - 4 potions of curing {unknown}
 A - a potion of cancellation {unknown}
 D - a potion of mutation {unknown}


   Skills:
 * Level 5.2 Short Blades
 + Level 7.3 Dodging
 + Level 10.7 Stealth
 - Level 6.0 Spellcasting
 - Level 6.0 Hexes


You had 7 spell levels left.
You knew the following spells:

 Your Spells              Type           Power        Failure   Level
a - Corona                Hex            ####...      1%          1
b - Ensorcelled Hibernat  Hex/Ice        ###...       5%          2
c - Confusing Touch       Hex            ####....     3%          3
d - Dazzling Flash        Conj/Hex       ###...       11%         3
e - Tukima's Dance        Hex            ####....     3%          3

Your spell library contained the following spells:

 Spells                   Type           Power        Failure   Level


Dungeon Overview and Level Annotations

Branches:
Dungeon (7/15)             Temple (1/1) D:5

Altars:
Ashenzari
Cheibriados
Dithmenos
Fedhas
Gozag
Kikubaaqudgha
Makhleb
Nemelex Xobeh
Okawaru
Qazlal
Ru
Sif Muna
Vehumet
Wu Jian
Xom
Yredelemnul
Zin
The Shining One
Jiyva

Shops:
D:4 *   D:6 *?


Innate Abilities, Weirdness & Mutations

You are very small and have problems with some larger weapons.
You are too small for most types of armour.
You have supernaturally acute eyesight. (SInv)
You cover ground extremely quickly.


Message History

You barely miss the gnoll.
The gnoll is lightly wounded.
The gnoll misses you.
The gnoll hits you from afar with a +0 spear!
* * * LOW HITPOINT WARNING * * *
You hit the gnoll but do no damage.
The gnoll is lightly wounded.
You hit the gnoll.
The gnoll is moderately wounded.
The gnoll completely misses you.
You hit the gnoll but do no damage.
The gnoll is moderately wounded.
The gnoll misses you.
The gnoll closely misses the gnoll.
You hit the gnoll.
The gnoll is heavily wounded.
The gnoll barely misses you.
You barely miss the gnoll.
The gnoll is heavily wounded.
The gnoll hits you with a +0 long sword!
You die...

#....≈≈#...#††...†.........
#....≈≈#...################
#....≈≈###'#....'.......'..
#....≈≈≈.#.#....#########''
#....≈≈≈.#.#..).#....)...÷.
#....≈≈≈.#.######..........
#....≈≈≈.#g'....'..........
#.P..≈≈≈.#)'....'..........
#....≈≈≈.#@##############''
#....≈≈≈.#g#.....#######...
#....≈≈≈.#g#.)...).....'..)
#....≈≈###g#.....#######.))
#...P≈≈#...#############'')
#....≈≈#...#...............
#....≈≈#####≈≈≈≈≈≈≈≈≈≈≈≈)..
#....≈≈≈≈≈≈≈≈≈≈≈≈≈≈≈≈≈≈≈...
#P...≈≈≈≈≈≈≈≈≈≈≈≈≈≈≈≈≈≈≈...


You could see 4 gnolls.

Vanquished Creatures
  Edmund (D:4)
  A sky beast (D:5)
  An ice beast (D:5)
  4 ogres
  2 jellies (D:5)
  4 gnoll shamans (D:6)
  Crazy Yiuf (D:2)
  A hound (D:4)
  2 orc wizards
  An iguana (D:6)
  2 worker ants
  A hound zombie (D:7)
  2 worker ant zombies
  39 gnolls (D:6)
  3 adders
  3 shadow imps (D:5)
  A white imp (D:5)
  5 worms (D:2)
  4 dart slugs
  2 leopard geckos
  18 orcs
  2 ball pythons
  4 bats
  6 giant cockroaches
  10 goblins
  8 hobgoblins
  22 jackals
  4 kobolds
  2 quokkas
  6 frilled lizards
  A leopard gecko zombie (D:6)
  A quokka skeleton (D:4)
  5 rats
169 creatures vanquished.

Vanquished Creatures (others)
  2 fungi (D:5)
  A plant (D:6)
3 creatures vanquished.

Grand Total: 172 creatures vanquished

Notes
Turn   | Place    | Note
-------+----------+-------------------------------------------
     0 | D:1      | PentaManta the Spriggan Enchanter began the quest for the
                  | Orb.
     0 | D:1      | Reached XP level 1. HP: 9/9 MP: 5/5
   196 | D:1      | Reached skill level 5 in Stealth
   221 | D:1      | Reached XP level 2. HP: 13/13 MP: 6/6
   903 | D:1      | Learned a level 2 spell: Ensorcelled Hibernation
   932 | D:2      | Reached skill level 6 in Stealth
   959 | D:2      | Found an ancient bone altar of Kikubaaqudgha.
  1043 | D:2      | Found a runed translucent door.
  1044 | D:2      | Noticed Crazy Yiuf
  1051 | D:2      | Killed Crazy Yiuf
  1051 | D:2      | Reached skill level 7 in Stealth
  1051 | D:2      | Reached XP level 3. HP: 16/16 MP: 8/8
  1153 | D:2      | Reached XP level 4. HP: 21/21 MP: 4/9
  1637 | D:2      | Reached skill level 8 in Stealth
  1826 | D:2      | Found a glowing golden altar of the Shining One.
  2249 | D:3      | Learned a level 3 spell: Confusing Touch
  2512 | D:3      | Found a blossoming altar of Fedhas.
  2801 | D:4      | Noticed an ogre
  2808 | D:3      | Reached XP level 5. HP: 24/24 MP: 1/10
  2897 | D:4      | Killed an ogre
  3073 | D:4      | Reached XP level 6. HP: 28/28 MP: 0/12
  3353 | D:4      | Found Xeatycw's Assorted Antiques.
  3356 | D:4      | Bought 2 golden potions for 36 gold pieces
  3356 | D:4      | Bought a scroll labeled SAMOER HIOWN for 20 gold pieces
  3356 | D:4      | Bought a silvery potion for 18 gold pieces
  3356 | D:4      | Bought a scroll labeled BUCIWUG YLEHU for 20 gold pieces
  3428 | D:4      | Found a stormy altar of Qazlal.
  3431 | D:4      | Noticed Edmund
  3509 | D:4      | Killed Edmund
  3509 | D:4      | Reached skill level 9 in Stealth
  3509 | D:4      | Reached skill level 5 in Hexes
  3509 | D:4      | Reached XP level 7. HP: 24/32 MP: 7/14
  3619 | D:5      | Entered Level 5 of the Dungeon
  4221 | D:5      | Found a snail-covered altar of Cheibriados.
  4239 | D:5      | Found a broken altar of Ashenzari.
  4243 | D:5      | Saw a vision of the Swamp and the Snake Pit.
  4243 | D:5      | Noticed an anaconda
  4243 | D:5      | Noticed a naga ritualist
  4243 | D:5      | Noticed a black mamba
  4243 | D:5      | Noticed a naga mage
  4243 | D:5      | Noticed a naga warrior
  4243 | D:5      | Noticed a salamander
  4243 | D:5      | Noticed an alligator
  4243 | D:5      | Noticed a naga mage
  4245 | D:5      | Noticed an alligator
  4245 | D:5      | Noticed a naga mage
  4246 | D:5      | Noticed an alligator
  4354 | D:5      | Reached skill level 5 in Dodging
  4537 | D:5      | Found a staircase to the Ecumenical Temple.
  4545 | D:5      | Reached skill level 5 in Spellcasting
  4549 | Temple   | Entered the Ecumenical Temple
  4706 | Temple   | Became a worshipper of Dithmenos the Shadowed
  4950 | D:5      | Found a burning altar of Makhleb.
  5061 | D:6      | Found a sparkling altar of Nemelex Xobeh.
  5607 | D:6      | Reached XP level 8. HP: 29/36 MP: 0/16
  5755 | D:6      | Found Geyfrisk's General Store.
  6008 | D:6      | Reached * piety under Dithmenos
  6287 | D:7      | Learned a level 3 spell: Dazzling Flash
  6291 | D:7      | Learned a level 3 spell: Tukima's Dance
  6305 | D:7      | Got a brightly glowing hand axe
  6348 | D:6      | Found Vuunutz's Magic Scroll Boutique.
  6354 | D:6      | Bought a scroll of fog for 26 gold pieces
  6354 | D:6      | Bought a scroll of teleportation for 39 gold pieces
  6413 | D:6      | Reached skill level 10 in Stealth
  7290 | D:6      | Reached ** piety under Dithmenos
  7504 | D:6      | Reached skill level 5 in Short Blades
  7719 | D:6      | Slain by a gnoll

Illustrated notes

Levels and vault maps discovered:
D:1:      mrwooster_arrival_statue_3, layout_basic
D:2:      layout_basic, lemuel_round_altar, lemuel_crystal_altar,
          uniq_crazy_yiuf_cottage
D:3:      layout_loops_cross, fedhas_altar_fruit_tree
D:4:      layout_cave_pools, nicolae_qazlal_general_emergency, serial_shops,
          kennysheep_mini_moat, kennysheep_dice, uniq_edmund
D:5:      layout_cave_pools, kennysheep_slug_shrine,
          lemuel_coloured_pillars_altar, temple_fountains,
          grunt_ashenzari_visionary [grunt_ashenzari_visionary_swamp,
          grunt_ashenzari_visionary_snake]
D:6:      lemuel_castle_with_subvaults [lemuel_castle_interior_original],
          layout_basic, serial_shops, shop,
          nicolae_shop_competitors_out_of_business, nemelex_diamond_rough_becter
D:7:      layout_loops_cross, okawaru_trees_2, uniq_menkaure
Temple:   pf_slime_end_temple

Skill      XL: |  1  2  3  4  5  6  7  8 |
---------------+-------------------------+-----
Stealth        | 5 7 8 9 10 | 10.7
Spellcasting   | 3 4 5 6 |  6.0
Hexes          | 4 5 6 |  6.0
Short Blades   | 2 3 5 |  5.2
Dodging        | 4 5 7 |  7.3

Action                   |  1- 3 |  4- 6 |  7- 9 || total
-------------------------+-------+-------+-------++-------
Melee: Dagger            |   110 |   231 |   333 ||   674
Throw: Dart              |       |       |     4 ||     4
 Cast: Ensorcelled Hiber |     6 |    34 |   117 ||   157
       Confusing Touch   |       |     1 |    11 ||    12
Evoke: Wand              |       |       |     1 ||     1
  Use: Scroll            |       |    10 |     4 ||    14
 Stab: Sleeping          |    10 |    26 |    70 ||   106
       Confused          |       |     1 |    10 ||    11
       Distracted        |       |     1 |       ||     1
Armor: Robe              |    11 |    39 |    38 ||    88
Dodge: Dodged            |    84 |   218 |   339 ||   641

Table legend: (Time is in decaauts)
 A = Elapsed time spent in this place.
 B = Non-inter-level travel time spent in this place.
 C = Inter-level travel time spent in this place.
 D = Time resting spent in this place.
 E = Time spent auto-exploring this place.
 F = Levels seen in this place.
 G = Mean time per level.
                   A        B        C        D        E       F      G
               +--------+--------+--------+--------+--------+-----+--------+
         Total |   5820 |   5673 |    147 |    817 |   3160 |   8 |  727.5 |
       Dungeon |   5711 |   5580 |    131 |    817 |   3073 |   7 |  815.9 |
        Temple |    108 |     93 |     15 |      0 |     87 |   1 |  108.0 |
               +--------+--------+--------+--------+--------+-----+--------+

Top non-repeatable levels by time:
     D:6: 2016 daAuts
     D:2: 891 daAuts
     D:5: 805 daAuts
     D:4: 753 daAuts
     D:1: 612 daAuts
     D:3: 591 daAuts
  Temple: 108 daAuts
     D:7: 41 daAuts
